 Dungeon Crawl Stone Soup version 0.30.0-19-g36f170ea60 (webtiles) character file.

Game seed: 13804599750512981092

1988 Dordric the Thaumaturge (level 9, -5/57 HPs)
             Began as a Mummy Necromancer on May 30, 2023.
             Slain by a wyvern (11 damage)
             ... on level 7 of the Dungeon on May 31, 2023.
             The game lasted 00:16:57 (9958 turns).

Dordric the Thaumaturge (Mummy Necromancer)         Turns: 9958, Time: 00:16:57

Health: -5/57      AC:  5    Str: 11    XL:     9   Next: 1%
Magic:  23/23      EV: 12    Int: 18    God:
Gold:   382        SH:  0    Dex: 13    Spells: 20/28 levels left

rFire   x . .        n - +2 whip (drain)
rCold   + . .        (no shield)
rNeg    + + +        r - +2 robe {rN+}
rPois   ∞            w - +0 helmet
rElec   .            h - scarf {repulsion}
rCorr   .            (no gloves)
SInv    .            (no boots)
Will    +....        (no amulet)
Stlth   ++           (no ring)
HPRegen 0.29/turn    (no ring)
MPRegen 0.18/turn

%: repel missiles, faith
@: no status effects
A: cold resistance 1, negative energy resistance 3, torment resistance 2, heat
vulnerability 1, in touch with death 1, no potions, faith
a: no special abilities


You were on level 7 of the Dungeon.
You visited 1 branch of the dungeon, and saw 7 of its levels.
You also visited: Sewer.

You collected 382 gold pieces.

Inventory:

Hand Weapons
 m - a +2 whip of electrocution
 n - a +2 whip of draining (weapon)
Missiles
 f - 3 throwing nets
Armour
 a - a +1 robe
 e - a +0 helmet
 g - a +0 cloak
 h - a scarf of repulsion (worn)
 r - a +2 robe of positive energy (worn)
 w - a +0 helmet (worn)
Jewellery
 c - a ring of fire
 q - a ring of wizardry
 t - a +5 ring of evasion
Wands
 d - a wand of flame (4)
 i - a wand of paralysis (6)
 j - a wand of light (15)
 u - a wand of polymorph (4)
Scrolls
 b - 2 scrolls of blinking
 k - 7 scrolls of identify
 l - 3 scrolls of torment
 o - 2 scrolls of amnesia
 p - 3 scrolls of poison
 s - 2 scrolls of noise
 v - a scroll of silence {unknown}
 x - 2 scrolls of fear {unknown}
 y - a scroll of enchant weapon {unknown}


   Skills:
 - Level 1.5 Dodging
 - Level 1.5 Stealth
 + Level 10.3 Spellcasting
 + Level 9.3 Necromancy


You had 20 spell levels left.
You knew the following spells:

 Your Spells              Type           Power      Damage    Failure   Level
a - Necrotise             Necr           100%       1d9       1%          1
b - Vampiric Draining     Necr           59%        2d10      1%          3
c - Animate Dead          Necr           59%        N/A       1%          4

Your spell library contained the following spells:

 Spells                   Type           Power      Damage    Failure   Level
 Agony                    Necr           59%        N/A       4%          5
 Sting                    Tmut/Pois      36%        1d4       8%          1
 Lesser Beckoning         Tloc           18%        N/A       12%         2
 Poisonous Vapours        Pois/Air       18%        N/A       12%         2
 Static Discharge         Conj/Air       18%        2-3/arc   12%         2
 Gell's Gravitas          Tloc           9%         N/A       22%         3
 Teleport Other           Tloc           9%         N/A       22%         3
 Death Channel            Necr           29%        N/A       26%         6
 Borgnjor's Vile Clutch   Necr/Erth      19%        N/A       30%         5
 Airstrike                Air            4%         2d(1-17)  58%         4
 Cause Fear               Hex            4%         N/A       58%         4
 Olgreb's Toxic Radiance  Pois           9%         N/A       58%         4
 Summon Lightning Spire   Summ/Air       9%         N/A       58%         4
 Haunt                    Necr/Summ      19%        N/A       100%        7
 Infestation              Necr           29%        N/A       100%        8
 Dragon's Call            Summ           4%         N/A       100%        9
 Dragon Form              Tmut           Unusable   N/A       N/A         7

Dungeon Overview and Level Annotations

Branches:
Dungeon (7/15)              Sewer (visited)
 Temple: D:4-7

Altars:
Qazlal
Vehumet

Annotations:
D:5 exclusion: statue


Innate Abilities, Weirdness & Mutations

You are immune to poison.
Your flesh is cold resistant. (rC+)
You are immune to negative energy. (rN+++)
You are immune to unholy pain and torment.
You are vulnerable to heat. (rF-)
You are in touch with the powers of death.
You do not drink.
You have a special connection with the divine. (Faith)


Message History

You now have 371 gold pieces (gained 18).
x - 2 scrolls labelled JUOTUL SUBUTE
y - a scroll labelled XUIBBI PAECLU You swap places.
You swap places.
You swap places.
Things that are here:
a +0 broad axe; a +0 chain mail You now have 373 gold pieces (gained 2).
Found a stone staircase leading down.
You swap places.
You swap places.
You now have 382 gold pieces (gained 9).
A wyvern and a bullfrog come into view.
The wyvern hisses angrily.
There are monsters nearby!
There are monsters nearby!
You feel a surge of power!
The bullfrog gives a loud, deep croak!
The bullfrog writhes in agony.
The bullfrog misses you.
You completely miss the bullfrog.
The bullfrog is moderately wounded.
The wyvern bites you! The bullfrog hits you!
The wyvern bites you but does no damage.
The bullfrog barely misses you.
You barely miss the bullfrog.
The bullfrog is moderately wounded.
The wyvern barely misses you.
The bullfrog hits you but does no damage.
The wyvern bites you!
You closely miss the bullfrog.
The bullfrog is moderately wounded.
The bullfrog hits you. The wyvern bites you!
* * * LOW HITPOINT WARNING * * *
Your orc wizard zombie hits the wyvern but does no damage.
The bullfrog hits you.
* * * LOW HITPOINT WARNING * * *
Your orc wizard zombie hits the wyvern but does no damage.
The wyvern bites you!
You die...

##...Z.#
###...#
##..# #
##.# ..##
#..# ....#
#..# .....#
#..#
......##..#
.......#@.#
.......lZ##
#......Z.#
.#.####?.#
#..# #..#
#..# #..#
#...


You could see a wyvern (ally target), a friendly orc zombie and a friendly orc
wizard zombie.

Vanquished Creatures
  Sigmund (D:4)
  Menkaure (D:4)
  An ice beast (D:5)
  2 orc warriors
  A black bear (D:7)
  2 ogres
  2 centaurs (D:6)
  3 kobold brigands
  2 scorpions
  A gnoll sergeant (D:6)
  A howler monkey (D:6)
  A jelly (D:4)
  4 hounds
  A sleepcap (D:5)
  Ijyb (D:3)
  An iguana (D:5)
  2 orc wizards (D:7)
  Robin (D:3)
  5 gnolls
  5 adders
  A river rat (Sewer)
  3 worms
  A dart slug (D:3)
  10 orcs
  5 ball pythons
  7 bats
  6 endoplasms
  A giant cockroach (D:2)
  5 hobgoblins
  4 jackals
  13 kobolds
  4 quokkas
  3 frilled lizards
  14 goblins
  6 rats
121 creatures vanquished.

Vanquished Creatures (collateral kills)
  A scorpion (D:6)
  An orc wizard (D:7)
  A gnoll (D:6)
  An adder (D:6)
  A dart slug (D:1)
  2 orcs
  2 goblins
  A kobold (D:6)
10 creatures vanquished.

Vanquished Creatures (others)
  2 orc zombies (D:7)
  A gnoll zombie (D:6)
  3 kobold zombies
  A rat zombie (Sewer)
7 creatures vanquished.

Grand Total: 138 creatures vanquished

Notes
Turn   | Place    | Note
-------+----------+-------------------------------------------
     0 | D:1      | Dordric the Mummy Necromancer began the quest for the Orb.
     0 | D:1      | Reached XP level 1. HP: 13/13 MP: 4/4
   160 | D:1      | Found a faded altar of an unknown god.
   276 | D:1      | Reached skill level 3 in Spellcasting
   281 | D:1      | Reached XP level 2. HP: 2/19 MP: 0/6
  1036 | D:2      | Gained mutation: You are in touch with the powers of death.
                  | [Mummy growth]
  1036 | D:2      | Reached XP level 3. HP: 23/24 MP: 0/8
  1289 | D:2      | Learned a level 3 spell: Vampiric Draining
  1324 | D:2      | Reached skill level 4 in Spellcasting
  1859 | D:3      | Noticed Robin
  1860 | D:3      | Reached XP level 4. HP: 30/30 MP: 7/10
  1982 | D:3      | Killed Robin
  1983 | D:3      | Reached skill level 5 in Necromancy
  2066 | D:3      | Learned a level 4 spell: Animate Dead
  2284 | D:3      | Found a glowing drain.
  2331 | Sewer    | Entered a sewer
  2504 | Sewer    | Noticed a kobold brigand
  2505 | Sewer    | Noticed a kobold brigand
  2531 | Sewer    | Killed a kobold brigand
  2532 | Sewer    | Reached skill level 5 in Spellcasting
  2532 | Sewer    | Reached XP level 5. HP: 31/35 MP: 1/12
  2789 | D:3      | Noticed Ijyb
  2799 | D:3      | Killed Ijyb
  2800 | D:3      | Reached XP level 6. HP: 41/41 MP: 7/14
  3642 | D:4      | Noticed Sigmund
  3738 | D:3      | Reached skill level 6 in Spellcasting
  6396 | D:4      | Killed Sigmund
  6397 | D:4      | Reached XP level 7. HP: 39/46 MP: 1/17
  6529 | D:4      | Reached skill level 7 in Spellcasting
  7201 | D:4      | Noticed Menkaure
  7380 | D:4      | Killed Menkaure
  7687 | D:5      | Entered Level 5 of the Dungeon
  7882 | D:5      | Reached skill level 8 in Spellcasting
  8098 | D:5      | Found a radiant altar of Vehumet.
  8176 | D:5      | Reached XP level 8. HP: 52/52 MP: 9/20
  8572 | D:6      | Reached skill level 9 in Spellcasting
  9023 | D:6      | Found a stormy altar of Qazlal.
  9582 | D:7      | Reached skill level 10 in Spellcasting
  9603 | D:7      | Reached XP level 9. HP: 48/57 MP: 4/23
  9958 | D:7      | Slain by a wyvern

Illustrated notes

Levels and vault maps discovered:
D:1:      dpeg_arrival_simpleton_a, layout_loops_ring,
          shapermc_ecumenical_altar_acropolis
D:2:      layout_loops_ring
D:3:      layout_loops_corners, cheibrodos_sewer_entry_sluice, uniq_robin,
          uniq_ijyb
D:4:      layout_loops_ring, hangedman_abyss_or_decor_stagger,
          item_on_display_a, uniq_menkaure, uniq_sigmund
D:5:      layout_cave_pools, vehumet_statue
D:6:      layout_basic, grunt_qazlal_sundering, serial_curves, eino_curves_01,
          eino_curves_02
D:7:      layout_cave_pods, chequers_temple_overflow_statue_of_worship,
          minmay_temple_entry_waves, uniq_pikel

Skill      XL: |  1  2  3  4  5  6  7  8 |
---------------+-------------------------+-----
Spellcasting   | 3 4 5 6 8 10 | 10.3
Necromancy     | 5 6 7 9 |  9.3
Dodging        | |  1.5
Stealth        | |  1.5

Action                     |  1- 3 |  4- 6 |  7- 9 || total
---------------------------+-------+-------+-------++-------
  Melee: Unarmed           |     2 |    74 |     1 ||    77
         Whip              |       |       |   116 ||   116
   Cast: Necrotise         |    60 |    61 |    66 ||   187
         Vampiric Draining |     1 |    21 |    32 ||    54
         Animate Dead      |       |     4 |     7 ||    11
  Evoke: Wand              |       |     7 |     4 ||    11
    Use: Scroll            |     5 |     1 |     3 ||     9
   Stab: Distracted        |       |       |     1 ||     1
 Armour: Robe              |     5 |    30 |    43 ||    78
  Dodge: Dodged            |     6 |    67 |   101 ||   174
         Repelled          |       |     5 |       ||     5
